 Dungeon Crawl Stone Soup version 0.29-a0-284-gf9362112df (webtiles) character file.

Game seed: 7979395953547062605

5603 jlumianski the Cleaver (level 10, -26/76 HPs)
             Began as a Demonspawn Fighter on Mar 21, 2022.
             Was an Elder of Okawaru.
             Annihilated by a komodo dragon (29 damage)
             ... on level 10 of the Dungeon on Mar 23, 2022.
             The game lasted 00:49:29 (12834 turns).

jlumianski the Cleaver (Demonspawn Fighter)        Turns: 12834, Time: 00:49:30

Health: -26/76     AC:  9    Str: 17 (19) XL:     10   Next: 45%
Magic:  12/14      EV: 12    Int: 11      God:    Okawaru [****..]
Gold:   467        SH:  9    Dex: 12 (13) Spells: 8/15 levels left

rFire   + . .      SeeInvis .   a - +3 war axe (freeze)
rCold   . . .      Faith    .   c - +0 buckler
rNeg    . . .      Spirit   .   y - +3 leather armour {rF+}
rPois   +          Reflect  .   (no helmet)
rElec   .          Harm     .   (no cloak)
rCorr   .          Rampage  .   P - +0 pair of gloves
Will    +....                   x - +0 pair of boots
Stlth   ++........              (no amulet)
HPRegen 0.22/turn               q - ring of poison resistance
MPRegen 0.28/turn               w - ring of willpower

@: very slightly contaminated
A: large bone plates 1, magic regeneration, demonic magic 1, weakness stinger 1,
deterioration 1
a: Renounce Religion, Heroism, Finesse


You were on level 10 of the Dungeon.
You worshipped Okawaru.
Okawaru was greatly pleased with you.
You visited 2 branches of the dungeon, and saw 11 of its levels.

You collected 467 gold pieces.

Inventory:

Hand Weapons
 a - a +3 war axe of freezing (weapon)
 g - a +0 whip of venom
 i - a +2 antimagic dagger
 C - a +1 whip of electrocution
 G - a +2 spear of venom
 H - a +0 scimitar of draining
 O - a +2 whip of flaming
 R - a +1 war axe of venom
Missiles
 f - 33 poisoned darts (quivered)
 j - 210 stones
 u - 10 boomerangs
 Q - 2 throwing nets
Armour
 b - a +0 scale mail
 c - a +0 buckler (worn)
 r - a +3 leather armour
 x - a +0 pair of boots (worn)
 y - a +3 leather armour of fire resistance (worn)
 E - a +2 leather armour of fire resistance
 I - +0 steam dragon scales
 P - a +0 pair of gloves (worn)
Jewellery
 n - a ring of see invisible
 q - a ring of poison resistance (left hand)
 w - a ring of willpower (right hand)
 D - a ring of willpower
 J - a ring of flight
Wands
 A - a wand of mindburst (15)
 K - a wand of digging (6)
 L - a wand of flame (13)
Scrolls
 e - 3 scrolls of amnesia
 m - a scroll of noise
 s - a scroll of fear
 F - 2 scrolls of teleportation
 N - a scroll of immolation
 T - 3 scrolls of holy word
 U - a scroll of enchant weapon
Potions
 d - a potion of might
 h - 3 potions of degeneration
 k - 3 potions of brilliance
 l - 2 potions of heal wounds
 o - 2 potions of curing
 p - 2 potions of haste
 t - a potion of magic
 v - a potion of cancellation
 z - 2 potions of flight
 B - 2 potions of lignification
 M - a potion of ambrosia
Miscellaneous
 S - a condenser vane


   Skills:
 + Level 6.2 Fighting
 + Level 8.0 Axes
 + Level 0.4(5.0) Maces & Flails
 + Level 1.3 Throwing
 + Level 4.5 Armour
 + Level 3.9 Dodging
 + Level 4.4 Stealth
 + Level 4.8 Shields
 + Level 3.2 Spellcasting
 - Level 3.5 Translocations
 * Level 4.6 Ice Magic
 + Level 0.3 Invocations


You had 8 spell levels left.
You knew the following spells:

 Your Spells              Type           Power      Damage    Failure   Level
a - Blink                 Tloc           18%        N/A       14%         2
b - Pain                  Necr           4%         1d4       38%         1
c - Freeze                Ice            48%        1d7       6%          1
d - Frozen Ramparts       Ice            24%        1d4       19%         3

Your spell library contained the following spells:

 Spells                   Type           Power      Damage    Failure   Level
 Portal Projectile        Hex/Tloc       10%        N/A       52%         3
 Inner Flame              Hex/Fire       1%         N/A       77%         3
 Vampiric Draining        Necr           1%         2d6       77%         3
 Hailstorm                Conj/Ice       6%         3d4       83%         4
 Manifold Assault         Tloc           9%         N/A       95%         5
 Cause Fear               Hex            0%         N/A       99%         4
 Leda's Liquefaction      Hex/Erth       0%         N/A       99%         4
 Iskenderun's Battlesphe  Conj           1%         2d6       100%        5
 Iron Shot                Conj/Erth      0%         9d1       100%        6
 Storm Form               Tmut/Air       0%         N/A       100%        7
 Discord                  Hex            0%         N/A       100%        8
 Animate Skeleton         Necr           Unusable   N/A       N/A         1
 Call Canine Familiar     Summ           Unusable   N/A       N/A         3
 Spellforged Servitor     Conj/Summ      Unusable   N/A       N/A         7

Dungeon Overview and Level Annotations

Branches:
Dungeon (10/15)            Temple (1/1) D:4
   Lair: D:8-11         Orc: D:9-12

Altars:
Ashenzari
Dithmenos
Elyvilon
Fedhas
Gozag
Makhleb
Nemelex Xobeh
Okawaru
Qazlal
Ru
Sif Muna
Uskayaw
Wu Jian
Xom
Yredelemnul
Zin

Shops:
D:2 (


Innate Abilities, Weirdness & Mutations

You are partially covered in large bone plates. (SH +4)
You regenerate magic rapidly.
Spells you cast may paralyse adjacent enemies.
You have a small tail.
Your body sometimes deteriorates upon taking damage.


Message History

There is a stone staircase leading down here.
You climb downwards.
Found a potion of flight.
Found a stone staircase leading up.
There is a stone staircase leading up here.
There is a stone staircase leading up here.
Found a stone staircase leading up.
Found a stone staircase leading down.
z - 2 potions of flight (gained 1)
You now have 467 gold pieces (gained 15).
J - a ring of flight A komodo dragon comes into view.
The komodo dragon hisses angrily.
You block the komodo dragon's attack.
You hit the komodo dragon but do no damage.
The komodo dragon bites you!
You hit the komodo dragon. You freeze the komodo dragon.
The komodo dragon is lightly wounded.
The komodo dragon bites you!
You barely miss the komodo dragon.
The komodo dragon is lightly wounded.
The komodo dragon bites you!!
You closely miss the komodo dragon.
You tail-slap the komodo dragon, but do no damage.
The komodo dragon is lightly wounded.
You block the komodo dragon's attack.
You hit the komodo dragon. You freeze the komodo dragon.
You tail-slap the komodo dragon, but do no damage.
The komodo dragon is lightly wounded.
The komodo dragon bites you!!
* * * LOW HITPOINT WARNING * * *
Your body deteriorates!
You feel clumsy.
The komodo dragon attacks as you move away!
The komodo dragon bites you!
* * * LOW HITPOINT WARNING * * *
Casting: Frozen Ramparts (dangerous; 19% risk of failure)
Confirm with . or Enter, or press ? or * to list all spells.
You miscast Blink.
You are very lightly contaminated with residual magic.
Nothing appears to happen.
The komodo dragon bites you!!
You die...

##### ########...### ###
# #.#@.#.#..#..###>.##
#.###l##.#.##.#.#.###.#
#.....#..#....##......#
#..##...##.....##..#<##..
##.#...###..##.<##<..
......##.......##...#
.....≈..≈#....≈...≈....
≈≈...≈≈≈≈≈≈#≈≈≈≈≈≈≈≈≈≈≈≈≈
≈≈≈≈≈≈≈≈≈≈≈≈≈≈≈≈≈#≈≈≈≈≈≈≈


You could see a komodo dragon.

Vanquished Creatures
  Pikel (D:5)
  3 kobold demonologists
  Maggie (D:6)
  A hornet (D:8)
  Prince Ribbit (D:6)
  Sigmund (D:5)
  A wraith (D:7)
  Eustachio (D:5)
  A wyvern (D:8)
  A steam dragon (D:7)
  Menkaure (D:6)
  2 water moccasins
  2 black bears (D:6)
  2 sky beasts
  An ice beast (D:8)
  4 centaurs
  3 lemures
  4 kobold brigands
  A bullfrog (D:4)
  2 gnoll sergeants
  6 killer bees (D:9)
  A howler monkey (D:6)
  A lava snake (D:8)
  7 orc priests
  4 hounds
  2 gnoll shamans
  3 jellies
  3 iguanas
  Ijyb (D:5)
  5 orc wizards
  3 adders
  21 gnolls
  A shadow imp (D:8)
  35 orcs
  6 ball pythons
  8 endoplasms
  A giant cockroach (D:4)
  4 goblins
  8 hobgoblins
  4 jackals (D:3)
  5 quokkas
  7 bats
  6 frilled lizards
  19 kobolds
  A rat (D:3)
196 creatures vanquished.

Vanquished Creatures (others)
  An orc wizard (D:4)
  A goblin (D:1)
  2 plants (D:4)
4 creatures vanquished.

Grand Total: 200 creatures vanquished

Notes
Turn   | Place    | Note
-------+----------+-------------------------------------------
     0 | D:1      | jlumianski the Demonspawn Fighter began the quest for the
                  | Orb.
     0 | D:1      | Reached XP level 1. HP: 18/18 MP: 1/1
   371 | D:2      | Gained mutation: You have a small tail. [demonic ancestry]
   371 | D:2      | Reached XP level 2. HP: 23/24 MP: 2/2
   372 | D:2      | Reached skill level 2 in Axes
   516 | D:2      | Reached XP level 3. HP: 10/29 MP: 3/3
   752 | D:2      | Found Mitova's Weapon Shop.
   964 | D:1      | Found a faded altar of an unknown god.
  1987 | D:3      | Learned a level 2 spell: Blink
  2174 | D:5      | Entered Level 5 of the Dungeon
  2764 | D:3      | Gained mutation: You regenerate magic rapidly. [demonic
                  | ancestry]
  2764 | D:3      | Reached XP level 4. HP: 20/35 MP: 4/4
  3384 | D:3      | Reached skill level 3 in Axes
  3630 | D:3      | Reached XP level 5. HP: 34/41 MP: 5/5
  4044 | D:4      | Reached skill level 1 in Dodging
  4065 | D:4      | Found a basalt altar of Yredelemnul.
  4342 | D:4      | Reached skill level 1 in Translocations
  4342 | D:4      | Gained mutation: You are partially covered in large bone
                  | plates. (SH +4) [demonic ancestry]
  4342 | D:4      | Reached XP level 6. HP: 31/48 MP: 6/6
  4555 | D:4      | Found a shimmering blue altar of Sif Muna.
  4578 | D:4      | You fall into a shaft and drop 1 floor!
  4651 | D:4      | Found a staircase to the Ecumenical Temple.
  4663 | Temple   | Entered the Ecumenical Temple
  4744 | Temple   | Became a worshipper of Warmaster Okawaru
  4786 | D:4      | Found a shadowy altar of Dithmenos.
  5195 | D:5      | Noticed Pikel
  5580 | D:6      | Reached skill level 4 in Axes
  5861 | D:5      | Found a hide-covered altar of Uskayaw.
  5936 | D:5      | Noticed Eustachio
  5972 | D:5      | Killed Eustachio
  5973 | D:5      | Reached XP level 7. HP: 50/54 MP: 7/7
  6015 | D:5      | Noticed Ijyb
  6024 | D:5      | Killed Ijyb
  6215 | D:5      | Killed Pikel
  6215 | D:5      | Reached * piety under Okawaru
  6216 | D:5      | Reached skill level 5 in Axes
  6216 | D:5      | Reached skill level 1 in Stealth
  6216 | D:5      | Gained mutation: Spells you cast may paralyse adjacent
                  | enemies. [demonic ancestry]
  6216 | D:5      | Reached XP level 8. HP: 61/61 MP: 8/8
  6223 | D:5      | Learned a level 1 spell: Pain
  6449 | D:5      | Learned a level 1 spell: Freeze
  6589 | D:6      | Noticed Sigmund
  6752 | D:5      | Killed Sigmund
  6752 | D:5      | Reached ** piety under Okawaru
  6852 | D:5      | Reached skill level 1 in Throwing
  6914 | D:6      | Noticed Prince Ribbit
  7069 | D:6      | Reached skill level 1 in Spellcasting
  7166 | D:6      | Reached skill level 1 in Ice Magic
  7177 | D:6      | Killed Prince Ribbit
  7449 | D:6      | Noticed Menkaure
  7454 | D:6      | Killed Menkaure
  7455 | D:6      | Reached skill level 6 in Axes
  7534 | D:6      | Reached XP level 9. HP: 65/67 MP: 9/11
  7802 | D:6      | Noticed Maggie
  7816 | D:6      | Killed Maggie
  7816 | D:6      | Reached *** piety under Okawaru
  8132 | D:7      | Reached skill level 5 in Fighting
  9038 | D:7      | Noticed a kobold demonologist
  9073 | D:7      | Noticed a kobold demonologist
  9078 | D:7      | Noticed an ice devil
  9078 | D:7      | Noticed a rust devil
  9080 | D:7      | Noticed a rust devil
  9082 | D:7      | Noticed a kobold demonologist
  9086 | D:7      | Killed a kobold demonologist
  9087 | D:7      | Reached skill level 7 in Axes
  9087 | D:7      | Noticed a hellwing
  9089 | D:7      | Noticed a sun demon
  9093 | D:7      | Noticed an orange demon
  9209 | D:7      | Gained mutation: Your body sometimes deteriorates upon
                  | taking damage. [a neqoxec]
  9211 | D:7      | Noticed a hellwing
  9224 | D:6      | Killed a kobold demonologist
  9224 | D:6      | Reached **** piety under Okawaru
  9242 | D:6      | Killed a kobold demonologist
  9327 | D:7      | Learned a level 3 spell: Frozen Ramparts
  9533 | D:7      | Reached XP level 10. HP: 70/76 MP: 13/13
  9911 | D:8      | Found an ornate altar of the Wu Jian Council.
  9944 | D:8      | Found a burning altar of Makhleb.
  9967 | D:8      | Found a broken altar of Ashenzari.
 10517 | D:8      | Found a stormy altar of Qazlal.
 11820 | D:9      | Found an opulent altar of Gozag.
 11820 | D:9      | Found a sparkling altar of Nemelex Xobeh.
 11968 | D:9      | Reached skill level 8 in Axes
 12790 | D:10     | Entered Level 10 of the Dungeon
 12833 | D:10     | HP: 2/76 [komodo dragon (9)]
 12834 | D:10     | Annihilated by a komodo dragon

Illustrated notes

Levels and vault maps discovered:
D:1:      dreamdust_arrival_sigmund_warning, layout_basic,
          hellmonk_ecumenical_altar_zigzags,
          nicolae_concentric_dashed_squares_mild, nrook_campfire,
          minmay_shallow_snake_nest
D:2:      layout_basic, serial_shops, nicolae_shop_bloodbath_and_beyond,
          minmay_unequal
D:3:      layout_rooms, roderic_lattice_a
D:4:      layout_gridville, mainiacjoe_overflow_boulevard, old_standard_altar,
          old_standard_altar, minmay_temple_entry_proselytizer
D:5:      layout_basic, nicolae_uskayaw_suspiria, uniq_eustachio, uniq_ijyb,
          uniq_pikel
D:6:      layout_cave_pods, uniq_prince_ribbit1, uniq_menkaure, uniq_sigmund,
          uniq_maggie
D:7:      layout_loops_corners
D:8:      layout_loops_ring, kennysheep_little_box, cheibrodos_ashenzari_chains,
          mainiacjoe_overflow_alcove_4, lightli_temple_of_fire,
          minmay_misc_feat_ornament
D:9:      layout_irregular_city, grunt_temple_overflow_opulence
D:10:     erik_rubicon_a, layout_loops_cross, nicolae_tso_swordbearing_angel,
          nicolae_vehumet_radiance, trog_ov_bears_minmay, uniq_urug
Temple:   nicolae_temple_figure_zero

Skill      XL: |  1  2  3  4  5  6  7  8  9 10 |
---------------+-------------------------------+-----
Axes           | 2 3 4 5 6 7 8 |  8.0
Armour         | 3 4 |  4.5
Dodging        | 1 2 3 |  3.9
Translocations | 1 2 3 |  3.5
Fighting       | 4 5 6 |  6.2
Shields        | 3 4 |  4.8
Stealth        | 1 2 4 |  4.4
Throwing       | 1 |  1.3
Spellcasting   | 1 2 3 |  3.2
Ice Magic      | 2 3 4 |  4.6
Maces & Flails | |  0.4
Invocations    | |  0.3

Action                   |  1- 3 |  4- 6 |  7- 9 | 10-12 || total
-------------------------+-------+-------+-------+-------++-------
Melee: War axe           |   112 |   103 |   196 |   107 ||   518
       Tailslap          |     4 |    18 |    31 |    11 ||    64
       Whip              |       |    73 |       |       ||    73
Throw: Dart              |     1 |     2 |    20 |     3 ||    26
 Cast: Blink             |       |       |     3 |       ||     3
       Freeze            |       |       |    23 |       ||    23
       Pain              |       |       |     1 |       ||     1
       Frozen Ramparts   |       |       |       |    11 ||    11
Invok: Heroism           |       |       |     5 |       ||     5
  Use: Scroll            |     3 |     9 |     4 |     4 ||    20
       Potion            |     2 |     3 |     2 |       ||     7
 Stab: Sleeping          |       |     1 |       |     2 ||     3
       Paralysed         |       |       |    39 |     9 ||    48
Armor: Scale mail        |    45 |       |       |       ||    45
       Leather armour    |    15 |    61 |    57 |    32 ||   165
Dodge: Dodged            |    67 |   120 |   118 |    58 ||   363
Block: Buckler           |    26 |    69 |   109 |    58 ||   262

Table legend: (Time is in decaauts)
 A = Elapsed time spent in this place.
 B = Non-inter-level travel time spent in this place.
 C = Inter-level travel time spent in this place.
 D = Time resting spent in this place.
 E = Time spent auto-exploring this place.
 F = Levels seen in this place.
 G = Mean time per level.
                   A        B        C        D        E       F      G
               +--------+--------+--------+--------+--------+-----+--------+
         Total |  12988 |  12671 |    317 |   1612 |   7970 |  11 | 1180.7 |
       Dungeon |  12886 |  12569 |    317 |   1612 |   7896 |  10 | 1288.6 |
        Temple |    101 |    101 |      0 |      0 |     74 |   1 |  101.0 |
               +--------+--------+--------+--------+--------+-----+--------+

Top non-repeatable levels by time:
     D:8: 1757 daAuts
     D:2: 1709 daAuts
     D:5: 1595 daAuts
     D:6: 1577 daAuts
     D:3: 1409 daAuts
     D:7: 1360 daAuts
     D:4: 1308 daAuts
     D:9: 1249 daAuts
     D:1: 873 daAuts
  Temple: 101 daAuts
    D:10: 44 daAuts
